 Dungeon Crawl Stone Soup version 0.31-a0-1308-ga3cce3a448 (webtiles) character file.

Game seed: 6302396999491053839

84100 freelancePsychic the Brawler (level 15, -15/124 HPs)
             Began as a Demonspawn Fighter on Dec 19, 2023.
             Was an Elder of Yredelemnul.
             Killed from afar by an ogre mage (17 damage)
             ... with a bolt of magma
             ... on level 2 of the Orcish Mines.
             The game lasted 00:37:04 (25724 turns).

freelancePsychic the Brawler (Demonspawn Fighter)  Turns: 25724, Time: 00:37:05

Health: -15/124    AC: 22    Str: 21    XL:     15   Next: 34%
Magic:  16/26      EV:  6    Int:  9    God:    Yredelemnul [****..]
Gold:   1221       SH:  5    Dex: 15    Spells: 14/14 levels left

rFire   . .          .
                       - Unarmed
rCold   . . .        c - +0 buckler
rNeg    . . .        G - +0 plate armour
rPois   .            p - +2 helmet
rElec   .            (no cloak)
rCorr   .            (no gloves)
SInv    .            s - +0 pair of boots
Will    ++...        (no amulet) Stlth
                     Q - ring of willpower
HPRegen 0.40/turn    (no ring)
MPRegen 0.20/turn

%: no passive effects
@: studying Shields
A: claws 2, icy blue scales 2, foul stench 2, icemail 1, condensation shield
a: Renounce Religion, Recall Undead Harvest, Dark Bargain, Drain Life


You were on level 2 of the Orcish Mines.
You worshipped Yredelemnul.
Yredelemnul was pleased with you.
You visited 3 branches of the dungeon, and saw 22 of its levels.
You also visited: Sewer and Bailey.

You collected 2804 gold pieces.
You spent 1583 gold pieces at shops.

Inventory:

Missiles
 r - 2 javelins (quivered)
 F - 3 curare-tipped darts
 H - a throwing net
Armour
 b - a +0 scale mail
 c - a +0 buckler (worn)
 i - a +0 ring mail
 p - a +2 helmet (worn)
 s - a +0 pair of boots (worn)
 y - the +0 helmet of the Conjuring Gods {Fly Str-3 Dex+6 Stlth+}
   (You found it in a bailey)

   Str-3:     It affects your strength (-3).
   Dex+6:     It affects your dexterity (+6).
   Fly:       It grants you flight.
   Stlth+:    It makes you more stealthy.
 A - an orb of wrath
 G - a +0 plate armour (worn)
Jewellery
 t - a ring of magical power
 u - a ring of wizardry
 M - a ring of magical power
 Q - a ring of willpower (left claw)
 T - an amulet of guardian spirit
Wands
 P - a wand of flame (21)
 R - a wand of polymorph (5)
 S - a wand of roots (2)
 X - a wand of charming (3)
Scrolls
 e - 3 scrolls of blinking
 f - 3 scrolls of immolation
 g - 2 scrolls of vulnerability
 k - 3 scrolls of enchant weapon
 o - 4 scrolls of fog
 v - 2 scrolls of silence
 E - 5 scrolls of noise
 J - 8 scrolls of teleportation {@r4}
 K - 4 scrolls of revelation
 L - 4 scrolls of enchant armour
 O - a scroll of butterflies
 U - 2 scrolls of poison
 W - 5 scrolls of identify {@r1}
Potions
 a - 7 potions of haste {@q3}
 d - 10 potions of might
 h - a potion of ambrosia {unknown}
 j - 5 potions of resistance
 l - 4 potions of lignification
 m - 5 potions of curing {@q1}
 n - 7 potions of mutation
 q - 2 potions of magic
 w - 3 potions of enlightenment
 x - 2 potions of heal wounds {@q2}
 z - 2 potions of cancellation
 B - 4 potions of berserk rage
 C - 5 potions of degeneration {unknown}
 D - 2 potions of attraction {unknown}
 I - a potion of brilliance {unknown}
 N - 2 potions of invisibility {unknown}
Miscellaneous
 V - a lightning rod (4/4)


   Skills:
 + Level 13.6 Fighting
 - Level 2.7 Maces & Flails
 + Level 10.3 Armour
 + Level 4.7 Shields
 * Level 16.8 Unarmed Combat
 - Level 15.0 Invocations


You had 14 spell levels left.
You didn't know any spells.
Your spell library contained the following spells:

 Spells                   Type           Power      Damage    Failure   Level
 Freeze                   Ice            0%         1d3       100%        1
 Blink                    Tloc           0%         N/A       100%        2
 Lesser Beckoning         Tloc           0%         N/A       100%        2
 Momentum Strike          Conj/Tloc      0%         3d8       100%        2
 Poisonous Vapours        Pois/Air       0%         N/A       100%        2
 Static Discharge         Conj/Air       0%         3-3/arc   100%        2
 Frozen Ramparts          Ice            0%         1d1       100%        3
 Hailstorm                Conj/Ice       0%         3d5       100%        3
 Mephitic Cloud           Conj/Pois/Air  0%         N/A       100%        3
 Airstrike                Air            0%         2d(0-16)  100%        4
 Cause Fear               Hex            0%         N/A       100%        4
 Manifold Assault         Tloc           0%         N/A       100%        4
 Summon Ice Beast         Ice/Summ       0%         N/A       100%        4
 Summon Lightning Spire   Summ/Air       0%         N/A       100%        4
 Vhi's Electric Charge    Tloc/Air       0%         N/A       100%        4
 Arcjolt                  Conj/Air       0%         1d10      100%        5
 Fireball                 Conj/Fire      0%         3d3       100%        5
 Freezing Cloud           Conj/Ice/Air   0%         6-21      100%        5
 Summon Mana Viper        Hex/Summ       0%         N/A       100%        5
 Plasma Beam              Fire/Air       0%         2x1d10    100%        6
 Monstrous Menagerie      Summ           0%         N/A       100%        7
 Dragon's Call            Summ           0%         N/A       100%        9


Dungeon Overview and Level Annotations

Branches:
Dungeon (15/15)            Temple (0/1) D:7            Lair (5/5) D:8
 Shoals (0/4) Lair:2        Snake (0/4) Lair:3        Slime (0/5) Lair:5
    Orc (2/2) D:10          Sewer (visited)          Bailey (visited)
    Elf: Orc:2       Vaults: D:13-14     Depths: D:15

Altars:
Gozag
Sif Muna
Uskayaw
Vehumet
Wu Jian
Yredelemnul
Jiyva

Shops:
D:2 (   D:9 !*[*   Orc:1 :

Portals:
Trove: D:11 (give 2 scrolls of acquirement)

Annotations:
D:8 3 runed translucent doors, RockinRobin's ghost, novice AtFi
D:10 1 runed translucent door, exclusion: door
D:14 exclusions: human and 1 more exclusion
Orc:1 3 transporters, exclusion: door


Innate Abilities, Weirdness & Mutations

You have very sharp fingernails.
You are mostly covered in icy blue scales. (AC +3)
You sometimes emit foul miasma when damaged in melee.
A meltable icy envelope protects you from harm. (AC +0)
A meltable shield of frost defends you. (SH +0)


Message History

Your ancient champion mumbles some strange words.
Your ancient champion seems to speed up.
You swap places.
Kirke points next to you and mumbles some strange words.
Something hits Kirke.
Something hits you!
You emit a cloud of foul miasma!
Items here: ))) [[.
You claw something!
The ogre hits Kirke with a +0 giant spiked club.
Kirke barely misses something.
You barely miss the ogre.
You feel yourself slow down. The ogre hits you with a +0 giant club!
Something hits Kirke!
You hear some strange, mumbled words.
A bolt of magma appears from out of thin air!
The bolt of magma hits you but does no damage.
The bolt of magma hits your ancient champion!
You barely miss the ogre.
Your death cob hits the ogre!
Your death cob drains the ogre's vigour!
The ogre seems to slow down.
The ogre misses Kirke.
Your death cob hits the ogre!!
The ogre dies!
Kirke completely misses something.
Something hits you!
* * * LOW HITPOINT WARNING * * *
You swap places.
Your jiangshi claws the ogre.
Your jiangshi draws strength from the ogre's injuries!
Your jiangshi claws the ogre!!
Your jiangshi draws strength from the ogre's injuries!
You hear some strange, mumbled words.
A bolt of magma appears from out of thin air!
The bolt of magma hits your jiangshi! The bolt of magma hits you!!
* * * LOW HITPOINT WARNING * * *
The bolt of magma hits your two-headed ogre zombie!!
The ogre barely misses Kirke.
The ogre barely misses your jiangshi.
Kirke gestures wildly while chanting.
Kirke summons a manticore!
You hear some strange, mumbled words.
A bolt of magma appears from out of thin air!
The bolt of magma hits your jiangshi! The bolt of magma hits you!
You die...
Your body rises from the dead as a mindless zombie.

##.#######.....
#....#.#.......
#.<...........
###.....##.... #
##....#....#
..########).....#.
....°....)).......
#.....ZZZ)...##...
...###z@###.......
#)ZVz# #......
#HO{O{°# ......


#OOOOO°# ..#... #..).OOO.#..##.. #°.......# .# #. #........# #........#
#........# You could see 10 ogres, a friendly death cob (summoned), a friendly
ancient champion (summoned, fast), a friendly jiangshi (summoned), a friendly
manticore (summoned, wandering), the friendly Kirke the bound human (invisible)
and 3 friendly two-headed ogre zombies.

Vanquished Creatures
  The ghost of Foishes the Slicer, a journeyman OpEn of Vehumet (Lair:3)
  Snorg (D:12)
  4 hydras
  An ogre mage (Orc:2)
  Erica (Lair:2)
  9 two-headed ogres
  5 death yaks (Lair:4)
  A shock serpent (D:14)
  A hell hog (D:14)
  2 skysharks
  A skeletal warrior (D:13)
  2 deep elf pyromancers
  An oklob plant (Lair:5)
  2 orc knights
  A wolf spider zombie (D:13)
  2 orc sorcerers
  8 manticores
  3 ugly things
  2 kobold blastminers (Orc:1)
  A cyclops (D:12)
  7 elephants
  2 centaur zombies (D:13)
  A black mamba (Lair:4)
  Maggie (Lair:1)
  13 cane toads
  4 centaur skeletons (D:13)
  A rime drake (D:8)
  3 efreet
  A tengu conjurer (D:13)
  6 komodo dragons
  2 unseen horrors
  A merfolk (Lair:2)
  4 trolls
  A spectral orc (Bailey)
  4 raiju (D:14)
  2 tyrant leeches (Lair:5)
  A blink frog (shapeshifter) (D:14)
  2 meliai zombies (D:13)
  4 blink frogs (Lair:5)
  3 dream sheep (Lair:5)
  A centaur simulacrum (D:14)
  3 flying skulls (D:13)
  2 slime creatures (D:14)
  A shadow (D:13)
  3 wraiths
  A vampire (D:10)
  10 hogs
  31 yaks
  5 wyverns
  Grum (D:8)
  3 basilisks
  A human (shapeshifter) (D:11)
  10 vampire mosquitoes
  2 steam dragons
  2 wargs
  3 nagas (Lair:3)
  3 acid dragons
  14 water moccasins
  6 ice beasts
  15 orc warriors
  A sky beast (D:4)
  2 black bears
  7 ogres
  14 wolves
  A phantom (D:6)
  8 kobold brigands
  9 bullfrogs
  A gnoll sergeant (D:7)
  6 scorpions
  3 wights
  6 killer bees
  An electric eel (D:7)
  8 howler monkeys
  A lava snake (D:9)
  3 hounds
  4 orc priests
  4 jellies
  2 gnoll boudas
  Natasha (D:2)
  2 iguanas
  11 orc wizards
  A boggart skeleton (D:13)
  3 hell rats (Lair:3)
  16 gnolls
  8 adders
  7 river rats (Sewer)
  A shadow imp (D:7)
  2 ufetubi (D:5)
  2 worms
  3 dart slugs
  50 orcs
  7 ball pythons
  7 bats
  10 endoplasms
  3 giant cockroaches
  5 goblins
  6 hobgoblins
  4 jackals (D:3)
  45 kobolds
  5 quokkas
  3 frilled lizards
  12 rats
524 creatures vanquished.

Vanquished Creatures (collateral kills)
  2 hydras
  An ogre mage (Orc:2)
  A boulder beetle (D:13)
  6 two-headed ogres
  A death yak (Lair:4)
  Nergalle (D:10)
  A skyshark (Lair:2)
  A sixfirhy (D:14)
  A goliath frog (Lair:5)
  A deep elf pyromancer (D:14)
  A salamander (Lair:3)
  An ugly thing (D:14)
  A cyclops (D:15)
  4 elephants
  A centaur zombie (D:13)
  A black mamba (Lair:5)
  3 cane toads
  A rime drake (Lair:4)
  A komodo dragon (Lair:4)
  A polar bear (Lair:5)
  3 merfolk (Lair:2)
  2 trolls
  2 raiju (D:14)
  A meliai zombie (D:13)
  A dream sheep (Lair:5)
  10 blink frogs
  2 slime creatures (D:14)
  A flying skull (D:13)
  8 yaks
  14 hogs
  3 wraiths (D:13)
  A basilisk (D:13)
  4 vampire mosquitoes
  6 water moccasins
  An ogre (Orc:2)
  7 wolves
  2 bullfrogs (Lair:5)
  4 wights (D:13)
  6 killer bees
  An electric eel (Lair:2)
  An orc priest (Orc:1)
  A jelly (Lair:5)
  A boggart zombie (D:13)
  3 orc wizards
  2 hell rats (Lair:3)
  A gnoll (D:7)
  2 adders
  A river rat (Sewer)
  10 orcs
  An endoplasm (Lair:5)
  A giant cockroach (D:4)
  A goblin (D:2)
  A ball python (Sewer)
  14 kobolds
  7 rats (Sewer)
157 creatures vanquished.

Vanquished Creatures (others)
  A spectral sixfirhy (D:14)
  An ugly thing zombie (D:14)
  A hell hog zombie (D:14)
  A hydra zombie (Lair:4)
  3 slime creature zombies (D:14)
  A tyrant leech zombie (Lair:5)
  A two-headed ogre zombie (Orc:2)
  2 cane toad zombies
  A spectral efreet (D:14)
  3 blink frog zombies (Lair:5)
  An ogre (Orc:2)
  2 elephant zombies
  3 hog zombies (Lair:4)
  A troll zombie (D:12)
  A wyvern zombie (D:11)
  5 water moccasin zombies
  2 yak zombies
  A wolf zombie (D:8)
  A bullfrog zombie (Lair:5)
  An orc wizard (D:12)
  3 killer bee zombies
  2 ogre zombies (Orc:2)
  A hound zombie (D:7)
  A howler monkey zombie (D:13)
  A gnoll (D:7)
  2 jelly zombies (Lair:5)
  12 orc zombies
  A bat zombie (D:2)
  2 gnoll zombies (D:7)
  A dart slug zombie (D:4)
  2 endoplasm zombies
  A frilled lizard zombie (D:3)
  A giant cockroach zombie (D:4)
  2 goblin zombies
  A hobgoblin zombie (D:2)
  15 kobold zombies
  A quokka zombie (D:4)
  2 rat zombies (Sewer)
84 creatures vanquished.

Grand Total: 765 creatures vanquished

Notes
Turn   | Place    | Note
-------+----------+-------------------------------------------
     0 | D:1      | freelancePsychic the Demonspawn Fighter began the quest for
                  | the Orb.
     0 | D:1      | Reached XP level 1. HP: 18/18 MP: 1/1
   117 | D:1      | Gained mutation: You may rarely emit foul miasma when
                  | damaged in melee. [demonic ancestry]
   117 | D:1      | Reached XP level 2. HP: 24/24 MP: 2/2
   384 | D:1      | Found a faded altar of an unknown god.
   422 | D:1      | Prayed at the altar of an unknown god.
   422 | D:1      | Became a worshipper of Yredelemnul the Dark
   422 | D:1      | Reached * piety under Yredelemnul
   730 | D:2      | Gained mutation: You have sharp fingernails. [demonic
                  | ancestry]
   730 | D:2      | Reached XP level 3. HP: 29/29 MP: 3/3
   943 | D:2      | Reached skill level 1 in Invocations
   949 | D:2      | Reached skill level 1 in Unarmed Combat
  1198 | D:2      | Found Tonopp's Antique Weapon Shoppe.
  1204 | D:2      | Noticed Natasha
  1214 | D:2      | Killed Natasha
  1215 | D:2      | Gained mutation: You have very sharp fingernails. [demonic
                  | ancestry]
  1215 | D:2      | Reached XP level 4. HP: 31/37 MP: 3/5
  1849 | D:3      | Reached skill level 2 in Unarmed Combat
  1849 | D:3      | Reached XP level 5. HP: 34/42 MP: 6/6
  2530 | D:4      | Noticed a sky beast
  2586 | D:4      | Found a glowing drain.
  2613 | Sewer    | Entered a sewer
  2652 | Sewer    | Reached skill level 3 in Unarmed Combat
  2721 | Sewer    | Reached XP level 6. HP: 33/49 MP: 8/8
  2994 | Sewer    | Reached ** piety under Yredelemnul
  3504 | D:4      | Killed a sky beast
  3505 | D:4      | Reached skill level 4 in Unarmed Combat
  3569 | D:4      | Gained mutation: You are partially covered in icy blue
                  | scales. (AC +2) [demonic ancestry]
  3569 | D:4      | Reached XP level 7. HP: 39/55 MP: 10/10
  3842 | D:4      | Reached skill level 5 in Fighting
  4898 | D:5      | Entered Level 5 of the Dungeon
  4927 | D:5      | Identified a scroll of acquirement
  4927 | D:5      | Acquired 730 gold pieces
  5027 | D:5      | Reached skill level 5 in Unarmed Combat
  5027 | D:5      | Reached skill level 5 in Invocations
  5136 | D:5      | Gained mutation: A meltable shield of frost defends you.
                  | (SH +0) [demonic ancestry]
  5136 | D:5      | Reached XP level 8. HP: 63/63 MP: 10/12
  6131 | D:6      | Reached skill level 6 in Unarmed Combat
  6797 | D:6      | Found a radiant altar of Vehumet.
  6862 | D:6      | Found an opulent altar of Gozag.
  7168 | D:7      | Reached skill level 7 in Unarmed Combat
  7380 | D:7      | Reached XP level 9. HP: 71/71 MP: 14/14
  7887 | D:7      | Reached skill level 8 in Unarmed Combat
  7906 | D:7      | Reached *** piety under Yredelemnul
  8015 | D:7      | Found a staircase to the Ecumenical Temple.
  8222 | D:7      | Found a hide-covered altar of Uskayaw.
  8304 | D:8      | Found a flagged portal.
  8312 | Bailey   | Entered a bailey
  8348 | Bailey   | Noticed an orc knight
  8352 | Bailey   | Found a large runed translucent door.
  8352 | Bailey   | Found a large runed translucent door.
  8353 | Bailey   | Noticed a deep elf pyromancer
  8508 | Bailey   | Killed an orc knight
  8730 | Bailey   | Reached skill level 9 in Unarmed Combat
  8868 | Bailey   | Killed a deep elf pyromancer
  8869 | Bailey   | Gained mutation: You are mostly covered in icy blue scales.
                  | (AC +3) [demonic ancestry]
  8869 | Bailey   | Reached XP level 10. HP: 80/80 MP: 16/16
  8938 | Bailey   | Identified the +0 helmet of the Conjuring Gods {Fly Str-3
                  | Dex+6 Stlth+}
  8945 | Bailey   | Identified the +1 robe "Ixziynk" {Dex+6}
  9027 | D:8      | Noticed Grum
  9041 | D:8      | Killed Grum
  9130 | D:8      | Found a runed translucent gate.
  9130 | D:8      | Found a runed translucent gate.
  9130 | D:8      | Found a runed translucent gate.
  9135 | D:8      | Noticed RockinRobin's ghost (novice AtFi)
  9192 | D:8      | Found a staircase to the Lair.
  9209 | D:8      | Reached **** piety under Yredelemnul
  9233 | D:8      | Reached skill level 10 in Unarmed Combat
  9233 | D:8      | Reached skill level 10 in Invocations
  9470 | D:8      | Reached ***** piety under Yredelemnul
 10193 | D:9      | Found Raezits's Armour Shop.
 10233 | D:9      | Found Pakila Istroa's General Store.
 10335 | D:9      | Bought a scroll of enchant armour for 105 gold pieces
 10335 | D:9      | Bought a potion of berserk rage for 70 gold pieces
 10770 | D:9      | Noticed a two-headed ogre
 10777 | D:9      | Killed a two-headed ogre
 10778 | D:9      | Gained mutation: A meltable icy envelope protects you from
                  | harm. (AC +0) [demonic ancestry]
 10778 | D:9      | Reached XP level 11. HP: 89/89 MP: 12/18
 10817 | D:9      | Found Viaduqiss's Distillery.
 10827 | D:9      | Bought a potion of haste for 120 gold pieces
 10827 | D:9      | Bought a potion of haste for 120 gold pieces
 10827 | D:9      | Bought a potion of might for 48 gold pieces
 10867 | D:9      | Reached skill level 11 in Unarmed Combat
 10901 | D:9      | Found Duerager's Assorted Antiques.
 11145 | D:10     | Entered Level 10 of the Dungeon
 11437 | D:10     | Found a staircase to the Orcish Mines.
 11498 | D:10     | Found a runed translucent door.
 11501 | D:10     | Noticed a boulder beetle
 11996 | D:10     | Noticed Nergalle
 12006 | D:10     | Killed Nergalle
 12408 | D:11     | Reached skill level 5 in Armour
 12716 | D:11     | Reached skill level 10 in Fighting
 12877 | D:11     | Found a portal to a secret trove of treasure.
 13253 | D:11     | Reached skill level 12 in Unarmed Combat
 13589 | D:12     | Noticed Snorg
 13598 | D:12     | Killed Snorg
 13603 | D:12     | Reached XP level 12. HP: 98/98 MP: 16/20
 13771 | D:12     | Your ally Snorg died
 13857 | D:12     | Noticed a two-headed ogre
 13867 | D:12     | Killed a two-headed ogre
 14096 | D:12     | Reached ****** piety under Yredelemnul
 14901 | Lair:1   | Entered Level 1 of the Lair of Beasts
 15091 | Lair:1   | Reached skill level 13 in Unarmed Combat
 15551 | Lair:1   | Noticed Maggie
 15560 | Lair:1   | Killed Maggie
 16420 | Lair:2   | Noticed Erica
 16427 | Lair:2   | Killed Erica
 17102 | Lair:2   | Found a staircase to the Shoals.
 17320 | Lair:2   | Reached XP level 13. HP: 65/106 MP: 22/22
 17725 | Lair:3   | Found a runed translucent gate.
 17726 | Lair:3   | Found a runed translucent gate.
 17726 | Lair:3   | Noticed Foishes's ghost (journeyman OpEn)
 17728 | Lair:3   | Found a runed translucent gate.
 18190 | Lair:3   | Reached skill level 14 in Unarmed Combat
 18248 | Lair:3   | Found a staircase to the Snake Pit.
 18503 | Lair:3   | Killed Foishes's ghost
 18748 | Lair:4   | Noticed Kirke
 18759 | Lair:4   | Killed Kirke
 18759 | Lair:4   | Charmed Kirke
 19511 | Lair:4   | Reached skill level 15 in Unarmed Combat
 19694 | Lair:5   | Entered Level 5 of the Lair of Beasts
 19718 | Lair:5   | Gained mutation: You sometimes emit foul miasma when
                  | damaged in melee. [demonic ancestry]
 19718 | Lair:5   | Reached XP level 14. HP: 85/115 MP: 24/24
 20273 | Lair:5   | Found a viscous altar of Jiyva.
 20905 | Lair:5   | Found a staircase to the Slime Pits.
 21455 | Lair:5   | Identified the +0 rapier of Wyskag {heavy, rPois Will+
                  | MP+9}
 22590 | D:13     | Reached skill level 15 in Invocations
 22773 | D:13     | Reached skill level 16 in Unarmed Combat
 24023 | D:14     | Found the +5 glaive of the Guard {elec, spectral}
 24847 | D:15     | Entered Level 15 of the Dungeon
 24862 | D:14     | Reached XP level 15. HP: 85/120 MP: 26/26
 24998 | D:13     | Reached skill level 10 in Armour
 25094 | Orc:1    | Entered Level 1 of the Orcish Mines
 25094 | Orc:1    | Found an ornate altar of the Wu Jian Council.
 25094 | Orc:1    | Found a transporter.
 25148 | Orc:1    | Found a transporter.
 25324 | Orc:1    | Found a transporter.
 25341 | Orc:1    | Found Ganuesas's Book Boutique.
 25423 | Orc:1    | Bought a manual of Shields for 1120 gold pieces
 25625 | Orc:1    | Found a shimmering blue altar of Sif Muna.
 25657 | Orc:2    | Entered Level 2 of the Orcish Mines
 25724 | Orc:2    | HP: 2/124 [something/bolt of magma (31)]
 25724 | Orc:2    | Killed from afar by an ogre mage

Illustrated notes

Levels and vault maps discovered:
D:1:      scummos_arrival_hexagon, layout_loops_ring,
          shapermc_ecumenical_altar_venn
D:2:      layout_loops_ring, serial_shops, shop, hangedman_abyss_or_decor_stabs,
          minmay_hedge_maze, uniq_natasha
D:3:      layout_loops_corners, chequers_serial_rivers_micro_c
D:4:      layout_basic, gup_sewer_entry_glass, dreamdust_mushroom_princess,
          serial_bayou_pond_b
D:5:      layout_loops_corners, minmay_misc_feat_five
D:6:      layout_rooms, mainiacjoe_overflow_two_lobes
D:7:      layout_rooms, nicolae_overflow_squiral, minmay_temple_entry_ruins,
          abandoned_shop, serial_bayou_pond_b
D:8:      layout_basic, hellmonk_lair_entry_icy, gammafunk_ghost_necromancy,
          enter_bailey_2, uniq_grum
D:9:      kennysheep_kobold_camp, layout_rooms, serial_shops, shop, shop, shop,
          nicolae_shop_tiny_glass, grunt_decor_junction
D:10:     layout_basic, orc_0_dummy, minivault_13, uniq_nergalle
D:11:     layout_grid_maze, nicolae_trove_entry_diagonal
D:12:     layout_cave_pods, nicolae_concentric_dashed_squares_mild, uniq_snorg
D:13:     hangedman_screamer, layout_small_grid
D:14:     minmay_shoctagon, layout_layer_cave, grunt_vaults_entry_fortified,
          serial_rivers, chequers_serial_rivers_marsh,
          chequers_serial_rivers_small_3, chequers_serial_rivers_micro_c,
          chequers_serial_rivers_large_b, chequers_serial_rivers_large_a,
          chequers_serial_rivers_marsh
D:15:     hangedman_depths_entry_try_elsewhere_first, layout_long_grid,
          chequers_serial_rivers_small_a, nrook_campfire,
          cheibrodos_ashenzari_chains, uniq_roxanne, uniq_josephine
Lair:1:   layout_gridlike, beast_lair_carwin_10, grunt_megastairs_4, uniq_maggie
Lair:2:   layout_regular_city, elwin_shoals_entry_stream, serial_bayou_lagoon_a,
          beast_lair_carwin_2, grunt_megastairs_5, uniq_erica
Lair:3:   layout_hall_layers, alex1729_snake_entry_snake,
          gammafunk_ghost_hydra_chop, chequers_serial_rivers_micro_c,
          infiniplex_staircase_pool_2, lemuel_fruit_tree
Lair:4:   layout_gridlike, infiniplex_staircase_pool, uniq_kirke
Lair:5:   minmay_lair_end_frog_pond, layout_long_grid,
          nicolae_slime_entry_slimehenge, minmay_lair_oklob_items
Orc:1:    dreamdust_wu_jian_sword_trials, layout_caves, basic_altar,
          serial_shops, nicolae_square_shop, led_sif_book
Orc:2:    st_orc_ogre_mass, layout_caves, serial_shops, shop, shop_fountains,
          shop, shop

Skill      XL: |  1  2  3  4  5  6  7  8  9 10 11 12 13 14 15 |
---------------+----------------------------------------------+-----
Maces & Flails | 2 |  2.7
Invocations    | 1 2 3 4 5 7 9 10 11 12 14 15 | 15.0
Unarmed Combat | 1 2 3 4 5 7 9 10 12 13 15 16 | 16.8
Fighting       | 4 5 6 8 9 10 11 12 13 | 13.6
Armour         | 3 5 7 8 9 10 | 10.3
Shields        | 4 |  4.7

Action                     |  1- 3 |  4- 6 |  7- 9 | 10-12 | 13-15 || total
---------------------------+-------+-------+-------+-------+-------++-------
  Melee: Flail             |    99 |     1 |       |       |       ||   100
         Unarmed           |       |   235 |   287 |   539 |   659 ||  1720
  Throw: Javelin           |       |       |     4 |       |       ||     4
         Dart              |       |       |     1 |       |       ||     1
 Invoke: Dark Bargain      |       |       |       |     7 |     8 ||    15
         Recall Undead Har |       |       |       |     1 |       ||     1
         Drain Life        |       |       |       |       |     2 ||     2
         Bind Soul         |       |       |       |       |     1 ||     1
  Evoke: Wand              |       |       |    10 |       |       ||    10
    Use: Scroll            |       |     4 |    15 |     6 |    10 ||    35
         Potion            |       |       |       |       |     4 ||     4
   Stab: Distracted        |       |       |       |     8 |    14 ||    22
 Armour: Scale mail        |    52 |       |       |       |       ||    52
         Ring mail         |    10 |   159 |   222 |     6 |       ||   397
         Plate armour      |       |       |       |   524 |   622 ||  1146
         Skin              |       |       |       |       |    10 ||    10
  Dodge: Dodged            |    41 |   111 |   122 |   125 |   176 ||   575
  Block: Buckler           |    21 |    44 |     9 |       |   102 ||   176

Table legend: (Time is in decaauts)
 A = Elapsed time spent in this place.
 B = Non-inter-level travel time spent in this place.
 C = Inter-level travel time spent in this place.
 D = Time resting spent in this place.
 E = Time spent auto-exploring this place.
 F = Levels seen in this place.
 G = Mean time per level.
                   A        B        C        D        E       F      G
               +--------+--------+--------+--------+--------+-----+--------+
         Total |  30691 |  29149 |   1542 |   4547 |  20424 |  24 | 1278.8 |
       Dungeon |  19939 |  18839 |   1100 |   2941 |  13395 |  15 | 1329.3 |
          Lair |   8390 |   7972 |    418 |   1247 |   5717 |   5 | 1678.0 |
  Orcish Mines |    673 |    650 |     23 |      0 |    496 |   2 |  336.5 |
         Sewer |    936 |    936 |      0 |      0 |    597 |   1 |  936.0 |
        Bailey |    752 |    752 |      0 |    359 |    216 |   1 |  752.0 |
               +--------+--------+--------+--------+--------+-----+--------+

Top non-repeatable levels by time:
    D:14: 2343 daAuts
    D:12: 2308 daAuts
  Lair:5: 1954 daAuts
  Lair:4: 1878 daAuts
  Lair:1: 1748 daAuts
     D:4: 1703 daAuts
     D:5: 1594 daAuts
  Lair:2: 1574 daAuts
    D:11: 1497 daAuts
    D:10: 1465 daAuts
     D:6: 1377 daAuts
     D:8: 1371 daAuts
     D:3: 1310 daAuts
     D:9: 1288 daAuts
  Lair:3: 1235 daAuts
